 Dungeon Crawl Stone Soup version 0.19.0-23-gf02e663 (webtiles) character file.

67 MackTheKnife the Slasher (level 4, -4/30 HPs)
             Began as a Halfling Fighter on Nov 20, 2016.
             Slain by a gnoll
             ... wielding a +0 whip
              (5 damage)
             ... on level 2 of the Dungeon.
             The game lasted 00:03:14 (1989 turns).

MackTheKnife the Slasher (Halfling Fighter)         Turns: 1989, Time: 00:03:14

Health: -4/30      AC:  6    Str: 16 (17) XL:     4   Next: 38%
Magic:  4/4        EV:  8    Int:  5 (6)  God:
Gold:   138        SH:  9    Dex: 11 (14) Spells: 0 memorised, 3 levels left

rFire  . . .     SeeInvis .     a - +0 long sword
rCold  . . .     Gourm    .     b - +0 scale mail
rNeg   . . .     Faith    .     c - +0 shield
rPois  .         Spirit   .     (no helmet)
rElec  .         Reflect  .     (no cloak)
rCorr  .         Harm     .     (no gloves)
MR     .....                    (no boots)
Stlth  ..........               (no amulet)
                                (no ring)
                                (no ring)

@: lethally poisoned (-4 -> -8)
A: mutation resistance 1
a: no special abilities


You were on level 2 of the Dungeon.
You were near starving.

You visited 1 branch of the dungeon, and saw 3 of its levels.

You collected 138 gold pieces.

Inventory:

Hand Weapons
 a - a +0 long sword (weapon)
Armour
 b - a +0 scale mail (worn)
 c - a +0 shield (worn)
Jewellery
 p - an uncursed ring of fire {rF+, rC-}
   (You took it off a hobgoblin on level 1 of the Dungeon)
Scrolls
 h - a scroll of identify {unknown}
 k - a scroll of remove curse
 m - a scroll of magic mapping {unknown}
 n - a scroll of enchant armour {unknown}
 o - a scroll of fog {unknown}
 s - a scroll of recharging {unknown}
Potions
 e - a potion of heal wounds {unknown}
 g - 2 potions of agility {unknown}
 i - a potion of mutation {unknown}
 l - a potion of degeneration {!q}
 q - a potion of cancellation {unknown}
 r - a potion of resistance {unknown}
Comestibles
 f - a bread ration
 t - a beef jerky


   Skills:
 - Level 2.6 Fighting
 + Level 4.3 Long Blades
 - Level 3.2 Armour
 - Level 3.2 Shields


You had 3 spell levels left.
You didn't know any spells.

Dungeon Overview and Level Annotations

Branches:
Dungeon (3/15)

Altars:

Annotations:
D:3 Grinder


Innate Abilities, Weirdness & Mutations

You are small and have problems with some larger weapons.
You are somewhat resistant to further mutation.


Message History

You resist with significant effort.
You slash Grinder!
Grinder is heavily wounded.
Grinder hits you but does no damage.
Your shield and scale mail prevent you from hitting Grinder.
Grinder is heavily wounded.
Grinder blinks!
Grinder gestures at you. Pain shoots through your body!
* * * LOW HITPOINT WARNING * * *
You climb upwards.
There is a stone staircase leading down here.
You start resting.
You feel a little less mighty now.
You start resting.
You are feeling very hungry.
You start resting.
A gnoll comes into view. It is wielding a spear of venom.
The gnoll throws a throwing net.
The throwing net barely misses you.
A gnoll comes into view. It is wielding a whip.
The gnoll shouts!
The gnoll moves out of view.
The gnoll barely misses you.
A gnoll comes into view.
The gnoll shouts!
You hit the gnoll.
The gnoll is lightly wounded.
You block the gnoll's attack.
You barely miss the gnoll.
The gnoll is lightly wounded.
The gnoll barely misses you. x2; You riposte.
You barely miss the gnoll.
The gnoll is lightly wounded.
You barely miss the gnoll.
The gnoll is lightly wounded.
The gnoll hits you but does no damage. You block the gnoll's attack.
The gnoll hits you but does no damage.
The gnoll hits you with a spear of venom.
You closely miss the gnoll.
The gnoll is lightly wounded.
The gnoll hits you but does no damage.
You are poisoned.
You are near starving!
You closely miss the gnoll.
The gnoll is lightly wounded.
You feel sick. You block the gnoll's attack. The gnoll closely misses you.
You block the gnoll's attack.
You barely miss the gnoll.
The gnoll is lightly wounded.
You feel sick. You block the gnoll's attack.
The gnoll hits you with a spear of venom.
The gnoll hits you. The gnoll hits you but does no damage.
A gnoll comes into view. It is wielding a club.
You barely miss the gnoll.
The gnoll is lightly wounded.
You feel sick.
The gnoll shouts!
The gnoll hits you but does no damage.
You are more poisoned.
You block the gnoll's attack. The gnoll hits you with a whip.
The gnoll moves out of view.
You block the gnoll's attack.
You hit the gnoll but do no damage.
You feel sick. The gnoll barely misses you.
You riposte.
You hit the gnoll.
The gnoll is moderately wounded.
The gnoll hits you but does no damage.
The gnoll hits you with a spear of venom.
* * * LOW HITPOINT WARNING * * *
The gnoll completely misses you.
You riposte.
You hit the gnoll.
The gnoll is heavily wounded.
You closely miss the gnoll.
* * * LOW HITPOINT WARNING * * *
You feel sick.
You block the gnoll's attack. x2; The gnoll barely misses you.
You riposte.
You closely miss the gnoll.
The gnoll is heavily wounded.
You slash the gnoll!
The gnoll is severely wounded.
* * * LOW HITPOINT WARNING * * *
You feel sick. The gnoll hits you but does no damage.
The gnoll hits you with a spear of venom.
* * * LOW HITPOINT WARNING * * *
You block the gnoll's attack.
Unknown command.
Okay, then.
It was a potion of curing.
You feel better. The gnoll hits you with a whip.
* * * LOW HITPOINT WARNING * * *
The gnoll hits you but does no damage.
You are poisoned.
The gnoll hits you.
* * * LOW HITPOINT WARNING * * *
You feel better. The gnoll hits you with a whip!
* * * LOW HITPOINT WARNING * * *
The gnoll hits you but does no damage.
You are lethally poisoned!
You block the gnoll's attack.
Unknown command.
Unknown command.
You closely miss the gnoll.
The gnoll is severely wounded.
* * * LOW HITPOINT WARNING * * *
You feel sick. The gnoll hits you with a whip.
You die...

###.#................######.## #
#.###.#####..##..#.# #...# #
##...## #..##..#.# #...# # #####
#........# #...# ## #######
###......# #...# .#
#.....#####.#.##.#####...#### .#
#.............##............. .#
#.........#ggg............... ##
#.....(##.#.@g.#....)........ #
#......##........#####...####
######.##.##.#.### ###...###
#.......#.### #.......# ###
#>.....(>...# #.#...#.# # ##.##
#.##.#..#.#.###.#...#.# ###[..##
#.##.#..#.#....)...##.#
##.....###.##...)..#.###..####.##
#.............#.)###............#


You could see 4 gnolls.

Vanquished Creatures
  An adder (D:2)
  An ooze (D:1)
  A dart slug (D:1)
  3 leopard geckos (D:2)
  9 bats
  2 giant cockroaches (D:1)
  5 goblins
  5 hobgoblins
  4 jackals (D:1)
  3 kobolds (D:2)
  6 frilled lizards
  6 rats
46 creatures vanquished.

Notes
Turn   | Place    | Note
-------+----------+-------------------------------------------
     0 | D:1      | MackTheKnife the Halfling Fighter began the quest for the Orb.
     0 | D:1      | Reached XP level 1. HP: 15/15 MP: 1/1
   269 | D:1      | Reached XP level 2. HP: 19/20 MP: 2/2
   327 | D:1      | Reached skill level 3 in Long Blades
   572 | D:1      | Reached XP level 3. HP: 24/25 MP: 3/3
  1155 | D:1      | You fall through a shaft!
  1287 | D:2      | Reached XP level 4. HP: 23/30 MP: 4/4
  1313 | D:2      | Reached skill level 4 in Long Blades
  1752 | D:3      | Noticed Grinder
  1761 | D:3      | HP: 6/30 [Grinder/nerve-wracking pain (12)]
  1986 | D:2      | HP: 6/30 [poisoned by a gnoll]
  1988 | D:2      | HP: 2/30 [gnoll/whip (7)]
  1989 | D:2      | Slain by a gnoll

Skill      XL: |  1  2  3  4 |
---------------+-------------+-----
Long Blades    | 3 4 |  4.3
Fighting       | |  2.6
Armour         | |  3.2
Shields        | |  3.2

Action                   |  1- 3 |  4- 6 || total
-------------------------+-------+-------++-------
Melee: Long sword        |    90 |    44 ||   134
  Use: Potion            |       |     4 ||     4
       Scroll            |       |     1 ||     1
  Eat: Chunk             |     1 |     1 ||     2
Armor: Scale mail        |    46 |    22 ||    68
Dodge: Dodged            |    33 |    21 ||    54
Block: Shield            |    56 |    24 ||    80
       Rpst.: Long sword |     5 |     6 ||    11

Vault maps used:
D:1:      wheals_arrival_shading
D:3:      uniq_grinder, uniq_natasha

Table legend:
 A = Turns spent in this place as a percentage of turns spent in the entire game.
 B = Non-inter-level travel turns spent in this place as a percentage of non-inter-level travel turns spent in the entire game.
 C = Inter-level travel turns spent in this place as a percentage of turns spent in this place.
 D = Turns resting spent in this place as a percentage of non-inter-level travel turns spent in this place.
 E = Turns spent auto-exploring this place as a percentage of non-inter-level travel turns spent in this place.
 F = Non-inter-level travel turns spent in this place divided by the number of levels of this place that you've seen.
                   A       B       C       D       E      F
               +-------+-------+-------+-------+-------+----------------------
         Total | 100.0 | 100.0 |   0.8 |   1.7 |  13.3 | 155.7
       Dungeon | 100.0 | 100.0 |   0.8 |   1.7 |  13.3 | 155.7
               +-------+-------+-------+-------+-------+----------------------

Table legend:
 A = Kills in this place as a percentage of kills in entire the game.
 B = Kills by you in this place as a percentage of kills by you in the entire game.
 C = Kills by friends in this place as a percentage of kills by friends in the entire game.
 D = Other kills in this place as a percentage of other kills in the entire game.
 E = Experience gained in this place as a percentage of experience gained in the entire game.
 F = Experience gained in this place divided by the number of levels of this place that you have seen.
                   A       B       C       D       E      F
               +-------+-------+-------+-------+-------+----------------------
         Total | 100.0 | 100.0 |  -nan |  -nan | 100.0 |  32.0
       Dungeon | 100.0 | 100.0 |  -nan |  -nan | 100.0 |  32.0
               +-------+-------+-------+-------+-------+----------------------
